 Dungeon Crawl Stone Soup version 0.31-a0-1529-g7bd419a0e5 (webtiles) character file.

Game seed: 899072514574748653

371 Jeffwins the Magician (level 6, -6/58 HPs)
             Began as an Oni Fire Elementalist on Jan 1, 2024.
             Mangled by Edmund
             ... wielding a +1 dire flail of protection
              (9 damage)
             ... on level 4 of the Dungeon.
             The game lasted 00:04:47 (3998 turns).

Jeffwins the Magician (Oni Fire Elementalist)       Turns: 3998, Time: 00:04:47

Health: -6/58      AC:  4    Str: 13    XL:     6   Next: 70%
Magic:  0/12       EV: 10    Int: 18    God:
Gold:   190        SH:  0    Dex:  9    Spells: 7/13 levels left

rFire   . . .        h - +0 rapier
rCold   . . .        (no shield)
rNeg    . . .        a - +0 robe
rPois   .            (helmet restricted)
rElec   .            p - +0 cloak
rCorr   .            (gloves unavailable)
SInv    .            (boots unavailable)
Will    .....        (no amulet)
Stlth   ++           (no ring)
HPRegen 0.29/turn    (no ring)
MPRegen 0.13/turn

%: no passive effects
@: no status effects
A: large, unfitting armour, horns 1, tough skin 1, double potion healing,
drunken brawling
a: no special abilities


You were on level 4 of the Dungeon.
You visited 1 branch of the dungeon, and saw 4 of its levels.

You collected 190 gold pieces.


Innate Abilities, Weirdness & Mutations

You are too large for most types of armour.
You have a pair of small horns on your head.
You have tough skin. (AC +1)
You gain doubled healing and magic from potions.
Whenever you drink a healing potion, you attack all around you.


   Skills:
 + Level 2.3 Fighting
 - Level 2.0 Dodging
 + Level 2.1 Stealth
 * Level 4.1 Spellcasting
 * Level 2.7 Conjurations
 * Level 3.8 Fire Magic
 + Level 1.2 Air Magic
 + Level 1.3 Alchemy


You had 7 spell levels left.
You knew the following spells:

 Your Spells              Type           Power      Damage    Failure   Level
m - Mephitic Cloud        Conj/Alch/Air  10%        N/A       22%         3
x - Scorch                Fire           34%        2d6       4%          2
z - Foxfire               Conj/Fire      60%        2x1d7     3%          1

Your spell library contained the following spells:

 Spells                   Type           Power      Damage    Failure   Level
 Mercury Vapours          Alch/Air       16%        N/A       13%         2
 Inner Flame              Hex/Fire       10%        N/A       21%         3
 Volatile Blastmotes      Fire/Tloc      20%        2d11      21%         3
 Hailstorm                Conj/Ice       8%         3d5       26%         3
 Flame Wave               Conj/Fire      15%        2d7       36%         4
 Summon Ice Beast         Ice/Summ       3%         N/A       41%         3
 Irradiate                Conj/Alch      5%         3d13      87%         5
 Freezing Cloud           Conj/Ice/Air   4%         6-21      93%         5
 Sculpt Simulacrum        Ice/Alch       3%         N/A       100%        6
 Ignition                 Fire           8%         3d5       100%        8

Inventory:

Hand Weapons
 d - a +0 war axe
 h - a +0 rapier (weapon)
Armour
 a - a +0 robe (worn)
 p - a +0 cloak (worn)
Jewellery
 C - a ring of ice
Talismans
 t - a flux talisman
Wands
 i - a wand of digging (3)
Scrolls
 c - 5 scrolls of immolation {unknown}
 e - 2 scrolls of teleportation {unknown}
 f - 2 scrolls of vulnerability {unknown}
 g - a scroll of enchant weapon {unknown}
 o - 2 scrolls of poison {unknown}
 q - a scroll of noise {unknown}
 s - a scroll of amnesia {unknown}
 u - a scroll of fog {unknown}
 v - a scroll of identify {unknown}
Potions
 b - a potion of magic
 j - 2 potions of curing {unknown}
 k - a potion of attraction {unknown}
 l - a potion of heal wounds {unknown}
 m - a potion of might {unknown}
 n - a potion of berserk rage {unknown}
 r - a potion of ambrosia {unknown}

Dungeon Overview and Level Annotations

Branches:
Dungeon (4/15)             Temple (0/1) D:4

Altars:
Fedhas
Nemelex Xobeh
Ru
Yredelemnul

Shops:
D:1 !   D:4 !

Annotations:
D:4 Edmund

.##.........##....##.......#
.##........###.>..<....##@##
....§..##..#...........##
........#...............#
....#.#...#.............#
....#.#...#...8.8.8....##
....#....#.....⌠.⌠.....#
#.......##....8.>.8....##
#..............⌠@@......####
......##......8.8.8..#.###.##
......##............##..#...##
...........###......#........#
............##.##...........##
............#..##....##....###
.............................#
...^.<..##...##.............##
........###..##...#.........##


You could see Edmund.


Message History

Edmund is severely wounded.
Edmund hits you with a +1 dire flail of protection!
* * * LOW HITPOINT WARNING * * *
Unknown command.
You hit Edmund but do no damage. You headbutt Edmund, but do no damage.
Edmund is severely wounded.
Edmund barely misses you.
Unknown command.
You hit Edmund but do no damage.
Edmund is severely wounded.
Edmund hits you with a +1 dire flail of protection!
* * * LOW HITPOINT WARNING * * *
Unknown command.
Casting: Foxfire (safe; 3% risk of failure)
Confirm with . or Enter, or press ? or * to list all spells.
You conjure some foxfire!
Edmund barely misses you.
Unknown command.
You hit Edmund but do no damage. Your headbutt misses Edmund.
Edmund is severely wounded.
Edmund is no longer more vulnerable to fire.
The foxfire hits Edmund but does no damage.
Edmund is severely wounded.
The foxfire hits Edmund but does no damage.
Edmund is severely wounded.
Edmund hits you with a +1 dire flail of protection!
* * * LOW HITPOINT WARNING * * *
Edmund is engulfed in a cloud of scalding steam.
Edmund hits you with a +1 dire flail of protection!
You die...
Edmund whines, "They better pay attention to me now!"

Skill      XL: |  1  2  3  4  5  6 |
---------------+-------------------+-----
Conjurations   | 1 2 |  2.7
Fighting       | 1 2 |  2.3
Dodging        | 2 |  2.0
Spellcasting   | 3 4 |  4.1
Fire Magic     | 3 |  3.8
Stealth        | 2 |  2.1
Air Magic      | 1 |  1.2
Alchemy        | 1 |  1.3

Action                     |  1- 3 |  4- 6 || total
---------------------------+-------+-------++-------
  Melee: War axe           |    54 |       ||    54
         Punch             |     1 |       ||     1
         Rapier            |     6 |    33 ||    39
         Headbutt          |     3 |     5 ||     8
   Cast: Foxfire           |    46 |    79 ||   125
         Scorch            |       |     9 ||     9
   Stab: Sleeping          |     4 |       ||     4
 Armour: Robe              |    46 |    59 ||   105
  Dodge: Dodged            |    59 |    37 ||    96

Levels and vault maps discovered:
D:1:      roderic_lyre, layout_loops_ring, serial_shops, shop, st_stairs_7
D:2:      layout_loops_ring, basic_ecumenical_altar
D:3:      layout_basic, nemelex_xobeh_ov_fountains_minmay, minmay_diced_spiral,
          uniq_crazy_yiuf_cottage
D:4:      layout_cave_pools, mainiacjoe_overflow_paths, nicolae_ru_awakened_eye,
          mainiacjoe_overflow_small_starburst,
          minmay_temple_entry_statues_fountains, serial_shops, shop,
          uniq_edmund, uniq_eustachio

Notes
Turn   | Place    | Note
-------+----------+-------------------------------------------
     0 | D:1      | Jeffwins the Oni Fire Elementalist began the quest for the
                  | Orb.
     0 | D:1      | Reached XP level 1. HP: 16/16 MP: 3/3
   139 | D:1      | Reached skill level 1 in Conjurations
   253 | D:1      | Found Wuvuok Jecs's Distillery.
   376 | D:1      | Reached XP level 2. HP: 26/26 MP: 5/5
   703 | D:1      | Reached XP level 3. HP: 32/32 MP: 7/7
  1384 | D:2      | Reached skill level 1 in Fighting
  1384 | D:2      | Reached skill level 2 in Dodging
  1384 | D:2      | Reached skill level 3 in Spellcasting
  1384 | D:2      | Reached skill level 3 in Fire Magic
  1529 | D:2      | Found a faded altar of an unknown god.
  1949 | D:3      | Learned a level 2 spell: Scorch
  1953 | D:3      | Learned a level 3 spell: Mephitic Cloud
  1975 | D:3      | Found a sparkling altar of Nemelex Xobeh.
  2077 | D:3      | Found a runed translucent door.
  2078 | D:3      | Noticed Crazy Yiuf
  2101 | D:3      | Reached XP level 4. HP: 41/41 MP: 5/8
  3016 | D:3      | Killed Crazy Yiuf
  3017 | D:3      | Reached skill level 2 in Conjurations
  3017 | D:3      | Reached XP level 5. HP: 31/48 MP: 1/10
  3214 | D:4      | Found Sommuiga's Distillery.
  3214 | D:4      | Found a staircase to the Ecumenical Temple.
  3354 | D:4      | Found a basalt altar of Yredelemnul.
  3482 | D:4      | Found a sacrificial altar of Ru.
  3543 | D:4      | Noticed a phantom
  3549 | D:4      | Killed a phantom
  3550 | D:4      | Reached skill level 2 in Fighting
  3550 | D:4      | Reached skill level 2 in Stealth
  3550 | D:4      | Reached skill level 1 in Air Magic
  3550 | D:4      | Reached skill level 1 in Alchemy
  3550 | D:4      | Reached XP level 6. HP: 51/57 MP: 2/11
  3646 | D:4      | Noticed Eustachio
  3670 | D:4      | Killed Eustachio
  3671 | D:4      | Reached skill level 4 in Spellcasting
  3838 | D:4      | Found a blossoming altar of Fedhas.
  3966 | D:4      | Noticed Edmund
  3998 | D:4      | HP: 3/58 [Edmund/+1 dire flail of protection (15)]
  3998 | D:4      | Mangled by Edmund

Vanquished Creatures
  Eustachio (D:4)
  A phantom (D:4)
  Crazy Yiuf (D:3)
  A hound (D:4)
  5 adders
  A dart slug (D:1)
  An orc (D:4)
  2 ball pythons
  5 endoplasms
  4 giant cockroaches
  5 goblins
  4 hobgoblins
  A jackal (D:3)
  4 quokkas
  7 bats
  4 frilled lizards (D:1)
  6 kobolds
  3 rats
56 creatures vanquished.

Vanquished Creatures (others)
  210 foxfires
210 creatures vanquished.

Grand Total: 266 creatures vanquished

Table legend: (Time is in decaauts)
 A = Elapsed time spent in this place.
 B = Non-inter-level travel time spent in this place.
 C = Inter-level travel time spent in this place.
 D = Time resting spent in this place.
 E = Time spent auto-exploring this place.
 F = Levels seen in this place.
 G = Mean time per level.
                   A        B        C        D        E       F      G
               +--------+--------+--------+--------+--------+-----+--------+
         Total |   4030 |   3921 |    109 |      0 |   3374 |   4 | 1007.5 |
       Dungeon |   4030 |   3921 |    109 |      0 |   3374 |   4 | 1007.5 |
               +--------+--------+--------+--------+--------+-----+--------+

Top non-repeatable levels by time:
     D:3: 1260 daAuts
     D:1: 1230 daAuts
     D:4: 854 daAuts
     D:2: 685 daAuts

Table legend:
 A = Non-vault XP
 B = Vault XP
 C = Vault XP percentage of total XP
 D = Non-vault monster count
 E = Vault monster count
 F = Vault count percentage of total count
                 A         B        C        D         E       F
            +---------+---------+-------+---------+---------+-------
      Total |     290 |     240 |  45.3 |      50 |       6 |  10.7
            +---------+---------+-------+---------+---------+-------
        D:1 |      36 |       3 |   7.7 |      22 |       2 |   8.3
        D:2 |      37 |       0 |   0.0 |       8 |       0 |   0.0
        D:3 |      43 |      46 |  51.7 |      11 |       3 |  21.4
        D:4 |     174 |     191 |  52.3 |       9 |       1 |  10.0
            +---------+---------+-------+---------+---------+-------
